 Dungeon Crawl Stone Soup version 0.18.1-6-gd335043 (webtiles) character file.

6174 namelastname112 the Artisan of Death (level 10, -2/86 HPs)
             Began as a Green Draconian Ice Elementalist on May 15, 2016.
             Was a Priest of Kikubaaqudgha.
             Slain by a two-headed ogre
             ... wielding a +0 giant club
              (6 damage)
             ... on level 11 of the Dungeon.
             The game lasted 00:23:43 (9951 turns).

namelastname112 the Artisan of Death (DrIE)         Turns: 9951, Time: 00:23:44

Health: -2/86      AC:  9    Str: 11      XL:     10   Next: 60%
Magic:  17/19      EV: 13    Int: 18      God:    Kikubaaqudgha [***...]
Gold:   361        SH:  0    Dex:  8 (12) Spells: 6 memorised, 2 levels left

rFire  . . .     SeeInvis .     t - +2 dagger (chaos)
rCold  . . .     Gourm    .     (armour unavailable)
rNeg   . . .     Faith    .     (no shield)
rPois  +         Spirit   .     (helmet restricted)
rElec  .         Dismiss  .     (no cloak)
rCorr  .         Reflect  .     D - +1 pair of gloves
SustAt .         Harm     .     (no boots)
MR     .....                    (no amulet)
Stlth  +.........               (no ring)
                                (no ring)

@: short of breath, drained, not resistant to hostile enchantments, very
unstealthy
A: breathe noxious fumes, unfitting armour, poison resistance, cold-blooded, AC
+7
a: Breathe Noxious Fumes, Receive Corpses, Renounce Religion


You were on level 11 of the Dungeon.
You worshipped Kikubaaqudgha.
Kikubaaqudgha was most pleased with you.
You were hungry.

You visited 1 branch of the dungeon, and saw 9 of its levels.
You also visited: Bailey.

You collected 361 gold pieces.

Inventory:

Hand Weapons
 j - a +1 dagger of holy wrath
 t - a +2 dagger of chaos (weapon)
Missiles
 y - 4 curare-tipped needles
 K - a throwing net (quivered)
Armour
 D - a +1 pair of gloves (worn)
Wands
 d - a wand of enslavement (18/24)
 J - a wand of flame (12/48)
Scrolls
 e - 2 scrolls of blinking
 m - 3 scrolls of remove curse
 q - a scroll of enchant armour
 x - a scroll of enchant weapon
 G - a scroll of teleportation
 H - a scroll of immolation
Potions
 c - 2 potions of agility {unknown}
 h - 2 potions of resistance
 k - 2 potions of invisibility
 n - 2 potions of ambrosia
 o - 2 potions of beneficial mutation
 s - 3 potions of brilliance
 z - 4 potions of cure mutation
 A - 3 potions of curing
 C - a potion of flight {unknown}
 F - a potion of lignification
 I - 2 potions of mutation {unknown}
Books
 a - a book of Frost

   Spells                             Type                      Level
   a - Freeze                         Ice                          1
   b - Throw Frost                    Conjuration/Ice              2
   c - Ozocubu's Armour               Charms/Ice                   3
   d - Throw Icicle                   Conjuration/Ice              4
   e - Summon Ice Beast               Ice/Summoning                4
 i - Kikubaaqudgha's Volume of Stolen Souls
   (Kikubaaqudgha gifted it to you in a bailey)

   Spells                             Type                      Level
   a - Animate Dead                   Necromancy                   4
   b - Excruciating Wounds            Charms/Necromancy            5
   c - Agony                          Necromancy                   5
   d - Dispel Undead                  Necromancy                   5
   e - Simulacrum                     Ice/Necromancy               6
 l - a book of Annihilations

   Spells                             Type                      Level
   a - Poison Arrow                   Conjuration/Poison           6
   b - Chain Lightning                Conjuration/Air              8
   c - Lehudib's Crystal Spear        Conjuration/Earth            8
   d - Glaciate                       Conjuration/Ice              9
   e - Fire Storm                     Conjuration/Fire             9
 v - Kikubaaqudgha's Guide on Darkness
   (Kikubaaqudgha gifted it to you on level 2 of the Dungeon)

   Spells                             Type                      Level
   a - Animate Skeleton               Necromancy                   1
   b - Corpse Rot                     Necromancy                   2
   c - Sublimation of Blood           Necromancy                   2
   d - Regeneration                   Charms/Necromancy            3
   e - Control Undead                 Necromancy                   4
 w - a book of Battle

   Spells                             Type                      Level
   a - Infusion                       Charms                       1
   b - Shroud of Golubria             Charms/Translocation         2
   c - Song of Slaying                Charms                       2
   d - Spectral Weapon                Hexes/Charms                 3
   e - Regeneration                   Charms/Necromancy            3
Miscellaneous
 B - a phial of floods (inert)
Comestibles
 b - 9 bread rations
 f - 3 meat rations
 g - 9 beef jerkies
 p - a royal jelly
 E - 3 slices of pizza


   Skills:
 + Level 7.1(6.6) Fighting
 + Level 5.7(5.2) Short Blades
 + Level 6.4(5.9) Dodging
 - Level 1.7(1.3) Stealth
 + Level 6.6(6.1) Spellcasting
   Level 4.6(4.1) Conjurations
 * Level 8.1(7.6) Necromancy
 - Level 3.0(2.5) Ice Magic


You had 2 spell levels left.
You knew the following spells:

 Your Spells              Type           Power        Failure   Level  Hunger
a - Animate Skeleton      Necr           N/A          1%          1    None
b - Dispel Undead         Necr           ####....     17%         5    #####..
c - Simulacrum            Ice/Necr       ###.......   99%         6    #######
d - Regeneration          Chrm/Necr      ###.......   10%         3    ##.....
e - Animate Dead          Necr           N/A          6%          4    ####...
z - Freeze                Ice            ##..         4%          1    None


Dungeon Overview and Level Annotations

Branches:
Dungeon (8/15)             Temple (0/1) D:7
   Lair: D:8-11

Altars:
Ashenzari
Dithmenos
Gozag
Kikubaaqudgha
Makhleb
Pakellas
Qazlal
Ru
Sif Muna
Xom
Zin
The Shining One

Shops:
D:5 }


Innate Abilities, Weirdness & Mutations

You can breathe blasts of noxious fumes.
Your lurid green scales are hard (AC +7).
Your body does not fit into most forms of armour.
Your system is resistant to poisons.
You are cold-blooded and may be slowed by cold attacks.


Message History

The two-headed ogre asks, "Where am I?"
You are too injured to fight recklessly!
You are too injured to fight recklessly!
The two-headed ogre is engulfed in noxious fumes.
The two-headed ogre appears confused.
The two-headed ogre barely misses you.
The two-headed ogre hits you with a giant club!!
* * * LOW HITPOINT WARNING * * *
You take 21 damage, and have 3/86 hp.
MASSIVE DAMAGE!!
You hit the two-headed ogre. You freeze the two-headed ogre.
You tail-slap the two-headed ogre, but do no damage.
The two-headed ogre is severely wounded.
You completely miss the two-headed ogre.
The two-headed ogre is severely wounded.
You catch the helpless two-headed ogre completely off-guard!
You puncture the two-headed ogre!
The two-headed ogre is almost dead.
The two-headed ogre barely misses you.
The two-headed ogre hits you with a giant club.
You die...
Kikubaaqudgha rasps: "You have failed me!
Welcome... death!"

.###...#### #.....#
)..#.#....# ##.......
.......##.##### #....?...
####.#........#####........
#....####...<..............
..#### ######..####........
.####........#..##.........
.................O.........
###.#........###@##........
# # ####### #.##........
#.##.......$ #...........
####........ #.#.....#
#.#######


You could see a two-headed ogre (confused).

Vanquished Creatures
  An orc warlord (Bailey)
  An orc knight (Bailey)
  Joseph (D:7)
  Sigmund (D:2)
  A wyvern (D:11)
  A hippogriff (D:7)
  A water moccasin (D:6)
  2 ice beasts
  4 orc warriors
  3 sky beasts
  A necrophage (D:8)
  5 ogres
  3 centaurs
  4 giant frogs
  2 scorpions
  9 wights
  6 crimson imps
  6 howler monkeys
  2 quasits (D:7)
  4 orc priests
  3 hounds
  A jelly (D:4)
  3 iguanas
  Ijyb (D:2)
  3 orc wizards
  2 worker ants
  9 adders
  6 river rats (D:5)
  A shadow imp (D:6)
  2 adder skeletons (D:4)
  2 worms
  3 dart slugs (D:2)
  A giant gecko (D:11)
  12 orcs
  16 bats
  A giant cockroach (D:5)
  11 goblins
  17 hobgoblins
  10 jackals
  19 kobolds
  6 quokkas
  A ball python (D:4)
  A giant gecko zombie (D:5)
  8 giant newts
  A quokka skeleton (D:4)
  24 rats
222 creatures vanquished.

Vanquished Creatures (collateral kills)
  A steam dragon (D:7)
  2 giant frogs (D:6)
  3 gnolls (D:6)
  2 hobgoblins
  A kobold (Bailey)
  3 rats
12 creatures vanquished.

Vanquished Creatures (others)
  An ogre (D:7)
  A worker ant zombie (D:7)
  A jackal (D:7)
3 creatures vanquished.

Grand Total: 237 creatures vanquished

Notes
Turn   | Place    | Note
--------------------------------------------------------------
     0 | D:1      | namelastname112 the Draconian Ice Elementalist began the quest for the Orb.
     0 | D:1      | Reached XP level 1. HP: 14/14 MP: 3/3
   185 | D:1      | Reached XP level 2. HP: 22/22 MP: 3/5
   211 | D:1      | Learned a level 2 spell: Throw Frost
   386 | D:1      | Reached skill level 1 in Fighting
   621 | D:1      | Reached XP level 3. HP: 19/28 MP: 0/6
  1048 | D:2      | Noticed Ijyb
  1051 | D:2      | Found a glowing silver altar of Zin.
  1097 | D:2      | Killed Ijyb
  1344 | D:2      | Noticed Sigmund
  1421 | D:2      | Reached XP level 4. HP: 31/36 MP: 8/8
  1437 | D:2      | Killed Sigmund
  1437 | D:2      | Reached XP level 5. HP: 38/42 MP: 2/9
  1530 | D:2      | Found a faded altar to an unknown god.
  2278 | D:3      | Reached XP level 6. HP: 50/50 MP: 6/10
  2405 | D:3      | Found a shimmering altar of Xom.
  2991 | D:4      | Found a shattered altar of Ashenzari.
  2991 | D:4      | Found a deep blue altar of Sif Muna.
  3023 | D:4      | Your scales start taking on a lurid green colour.
  3023 | D:4      | Reached XP level 7. HP: 40/57 MP: 1/12
  3023 | D:4      | Gained mutation: Your system is resistant to poisons. [Green Draconian growth]
  3425 | D:2      | Became a worshipper of Kikubaaqudgha
  3425 | D:2      | Reached * piety under Kikubaaqudgha
  3425 | D:2      | Received a gift from Kikubaaqudgha
  3425 | D:2      | Identified Kikubaaqudgha's Guide on Darkness (Kikubaaqudgha gifted it to you on level 2 of the Dungeon)
  3428 | D:2      | Learned a level 1 spell: Animate Skeleton
  3432 | D:2      | Learned a level 3 spell: Regeneration
  4133 | D:5      | Entered Level 5 of the Dungeon
  4175 | D:5      | Reached skill level 1 in Necromancy
  4330 | D:5      | Reached skill level 1 in Short Blades
  4418 | D:5      | Found an oddly glowing altar of Pakellas.
  4418 | D:5      | Found Pakellas's Prime Provisions.
  4540 | D:5      | Found a sacrificial altar of Ru.
  4543 | D:5      | Reached skill level 2 in Necromancy
  4819 | D:5      | Reached ** piety under Kikubaaqudgha
  5010 | D:5      | Reached XP level 8. HP: 67/67 MP: 14/14
  5250 | D:6      | Reached skill level 3 in Necromancy
  6202 | D:6      | Found a burning altar of Makhleb.
  6295 | D:6      | Reached skill level 5 in Fighting
  6295 | D:6      | Reached skill level 4 in Necromancy
  6419 | D:6      | Found a shadowy altar of Dithmenos.
  6424 | D:6      | Found a stormy altar of Qazlal.
  6426 | D:6      | Found an oddly glowing altar of Pakellas.
  6427 | D:6      | Found an opulent altar of Gozag.
  6547 | D:7      | Reached skill level 5 in Spellcasting
  6561 | D:6      | Reached XP level 9. HP: 32/74 MP: 1/16
  6866 | D:7      | Reached skill level 5 in Necromancy
  6901 | D:7      | Reached skill level 5 in Dodging
  6973 | D:7      | Found a glowing golden altar of the Shining One.
  6998 | D:7      | Found a flagged portal.
  7006 | Bailey   | Entered a bailey
  7224 | Bailey   | Noticed an orc warlord
  7467 | Bailey   | Reached *** piety under Kikubaaqudgha
  7467 | Bailey   | Received a gift from Kikubaaqudgha
  7468 | Bailey   | Identified Kikubaaqudgha's Volume of Stolen Souls (Kikubaaqudgha gifted it to you in a bailey)
  7478 | Bailey   | Learned a level 5 spell: Dispel Undead
  7485 | Bailey   | Learned a level 6 spell: Simulacrum
  7497 | Bailey   | Found a runed gate.
  7497 | Bailey   | Found a runed gate.
  7497 | Bailey   | Found a runed gate.
  7503 | Bailey   | Noticed an orc knight
  7524 | Bailey   | Killed an orc knight
  7530 | Bailey   | Reached skill level 6 in Necromancy
  7749 | Bailey   | Killed an orc warlord
  7749 | Bailey   | Reached skill level 7 in Necromancy
  7749 | Bailey   | Reached XP level 10. HP: 84/84 MP: 17/19
  8125 | D:6      | Learned a level 4 spell: Animate Dead
  8140 | D:7      | Reached skill level 5 in Short Blades
  8665 | D:7      | Noticed Joseph
  8748 | D:7      | Killed Joseph
  9018 | D:7      | Found a staircase to the Ecumenical Temple.
  9668 | D:8      | You fall through a shaft for 3 floors!
  9678 | D:11     | Reached skill level 8 in Necromancy
  9948 | D:11     | HP: 3/86 [two-headed ogre/giant club (21)]
  9951 | D:11     | Slain by a two-headed ogre

Skill      XL: |  1  2  3  4  5  6  7  8  9 10 |
---------------+-------------------------------+-----
Dodging        | 2 3 4 5 6 |  6.4
Fighting       | 1 2 3 4 5 6 7 |  7.1
Conjurations   | 2 3 4 |  4.6
Spellcasting   | 3 4 5 6 |  6.6
Necromancy     | 2 4 7 8 |  8.1
Short Blades   | 1 3 4 5 |  5.7
Stealth        | |  1.7
Ice Magic      | |  3.0

Action                   |  1- 3 |  4- 6 |  7- 9 | 10-12 || total
-------------------------+-------+-------+-------+-------++-------
Melee: Unarmed           |    13 |       |       |       ||    13
       Tailslap          |     5 |     5 |    23 |    26 ||    59
       Short sword       |    24 |       |       |       ||    24
       Dagger            |     5 |    41 |   263 |   259 ||   568
 Cast: Freeze            |    47 |    95 |   126 |       ||   268
       Animate Skeleton  |       |       |    27 |     8 ||    35
       Throw Frost       |       |       |    10 |       ||    10
       Regeneration      |       |       |     4 |     7 ||    11
       Dispel Undead     |       |       |       |     9 ||     9
       Animate Dead      |       |       |       |     1 ||     1
 Abil: Breathe Noxious F |       |       |    15 |    13 ||    28
Evoke: Wand              |     6 |       |    11 |     5 ||    22
       Phial of floods   |       |       |       |     1 ||     1
  Use: Scroll            |       |       |    19 |     3 ||    22
       Potion            |       |       |       |     3 ||     3
 Stab: Sleeping          |     1 |       |       |       ||     1
       Petrifying        |       |       |     1 |       ||     1
       Confused          |       |       |     1 |     1 ||     2
       Paralysed         |       |       |       |     2 ||     2
  Eat: Chunk             |     1 |     6 |    13 |     3 ||    23
       Meat ration       |       |       |     1 |     2 ||     3
Armor: Skin              |    25 |    30 |   191 |   140 ||   386
Dodge: Dodged            |    55 |    76 |   387 |   216 ||   734
